 Dungeon Crawl Stone Soup version 0.23-a0-241-g3b46b07 (webtiles) character file.

31422 MisterFreud the Slicer (level 13, -9/80 HPs)
             Began as a Kobold Berserker on Sept 27, 2018.
             Was an Elder of Trog.
             Killed from afar by Josephine (31 damage)
             ... with a ghostly fireball
             ... on level 4 of the Lair of Beasts.
             The game lasted 00:45:56 (13674 turns).

MisterFreud the Slicer (Kobold Berserker)          Turns: 13674, Time: 00:45:56

Health: -9/80      AC: 10    Str: 22      XL:     13   Next: 96%
Magic:  23/23      EV: 23    Int:  7 (8)  God:    Trog [****..]
Gold:   441        SH:  0    Dex: 17      Spells: 12/12 levels left

rFire    + . .     SeeInvis .   a - +0 short sword
rCold    . . .     Gourm    .   (shield restricted)
rNeg     . . .     Faith    .   t - +0 leather armour {rF+}
rPois    .         Spirit   .   f - +0 helmet
rElec    .         Reflect  .   e - +1 cloak {+Inv}
rCorr    .         Harm     .   D - +0 pair of gloves
MR       .....                  B - +2 pair of boots
Stlth    ++++......             (no amulet)
HPRegen  0.23/turn              u - +5 ring of strength
MPRegen  0.18/turn              m - +3 ring of slaying

@: about to teleport, berserk cooldown, very slightly contaminated, slowed,
heavily drained, very slow
A: small, carnivore, deterioration 1
a: Berserk, Trog's Hand, Brothers in Arms, Renounce Religion, Evoke Invisibility


You were on level 4 of the Lair of Beasts.
You worshipped Trog.
Trog was greatly pleased with you.
You were not hungry.

You visited 2 branches of the dungeon, and saw 13 of its levels.
You also visited: Volcano.

You collected 810 gold pieces.
You spent 369 gold pieces at shops.

Inventory:

Hand Weapons
 a - a +0 short sword (weapon)
 A - a +3 rapier of draining
Missiles
 p - 56 poisoned needles
 q - 359 stones (quivered)
 r - a throwing net
 s - 194 arrows
 w - 12 tomahawks
 H - 30 bolts
 L - 78 sling bullets
Armour
 b - a +0 animal skin
 e - a +1 cloak of invisibility (worn)
 f - a +0 helmet (worn)
 t - a +0 leather armour of fire resistance (worn)
 B - a +2 pair of boots (worn)
 D - a +0 pair of gloves (worn)
Jewellery
 g - a +2 ring of evasion
 m - a +3 ring of slaying (right hand)
 u - a +5 ring of strength (left hand)
 x - an uncursed ring of resist corrosion
 E - an uncursed ring of protection from fire
 M - an uncursed ring of fire
Wands
 v - a wand of clouds (7)
 y - a wand of flame (19)
Scrolls
 d - 7 scrolls of teleportation
 G - 4 scrolls of remove curse
 I - 2 scrolls of identify
 O - a scroll of fear {unknown}
Potions
 h - 2 potions of might
 i - 4 potions of lignification
 j - 4 potions of curing
 k - a potion of flight
 l - 2 potions of mutation
 n - 2 potions of degeneration
 o - 3 potions of resistance
 z - a potion of haste
 C - a potion of magic
 F - 2 potions of cancellation
 J - 3 potions of agility
 K - 3 potions of berserk rage {unknown}
 N - 3 potions of brilliance
Comestibles
 c - 27 rations


   Skills:
 + Level 9.4(6.8) Fighting
 - Level 14.1(11.2) Short Blades
 + Level 2.0(0.0) Armour
 + Level 13.9(11.0) Dodging
 - Level 10.2(7.5) Stealth
 - Level 14.0(11.1) Evocations


You had 12 spell levels left.
You didn't know any spells.
Your spell library was empty.

Dungeon Overview and Level Annotations

Branches:
Dungeon (9/15)             Temple (0/1) D:6            Lair (4/6) D:9
  Swamp (0/4) Lair:2       Spider (0/4) Lair:2
    Orc: D:9-12

Altars:
Dithmenos
Fedhas
Hepliaklqana
Kikubaaqudgha
Okawaru
Trog
Yredelemnul
Zin

Shops:
D:5 %![   D:6 *

Annotations:
D:3 2 transporters, Inarius's ghost, amateur DsFi
D:8 3 runed doors, namelastname112's ghost, novice DrAs
Lair:4 Josephine


Innate Abilities, Weirdness & Mutations

You are small and have problems with some larger weapons.
You are carnivorous and can eat meat at any time.
Your body sometimes deteriorates upon taking damage.


Message History

Josephine gestures at you while chanting.
The ghostly flame explodes!
The ghostly fireball engulfs you!
You feel drained.
* * * LOW HITPOINT WARNING * * *
The ghostly fireball engulfs Josephine.
Josephine completely resists.
You puncture Josephine!
Josephine is moderately wounded.
Josephine hits you but does no damage.
Okay, then.
Unknown command.
Unknown command.
Okay, then.
Unknown command.
You feel better. Josephine hits you but does no damage.
The wraith barely misses you.
As you read the scroll of teleportation, it crumbles to dust.
You feel strangely unstable. Josephine completely misses you.
The wraith misses you.
Josephine points at you and mumbles some strange words.
The ghostly flame explodes!
The ghostly fireball engulfs you!
You feel drained.
You die...

##### ###
#.....####.####
.....W@@......#
..##..#W####..# .
##..## ##.# ####
#... #..# #...
##.. ##.## ...
#.. #..# .# ...
#.. #.## #
.....#.. ##.##
#.#
##.....#...###...
#.#


You could see Josephine and 2 wraiths.

Vanquished Creatures
  A minotaur (Lair:2)
  A fire dragon (Volcano)
  The ghost of Dapus the Carver, a journeyman VSFi of Cheibriados (Lair:2)
  A hydra (Lair:3)
  6 two-headed ogres
  A queen ant (Lair:2)
  3 salamanders (Volcano)
  3 elephants (Lair:3)
  3 black mambas
  10 spiny frogs
  A kobold demonologist (D:9)
  6 komodo dragons
  A polar bear (Lair:4)
  9 blink frogs (Lair:2)
  4 hippogriffs
  A spriggan (D:7)
  2 wraiths (Lair:4)
  Sigmund (D:6)
  4 fire bats (Volcano)
  14 yaks
  8 wyverns
  A basilisk (D:9)
  A hungry ghost (D:7)
  Grum (D:8)
  A steam dragon (Volcano)
  6 water moccasins
  20 soldier ants (Lair:2)
  2 porcupines (Lair:3)
  A black bear (Lair:1)
  11 ice beasts
  An eye of draining (D:9)
  2 phantoms
  A necrophage (D:7)
  6 ogres
  6 wolves
  2 centaurs
  11 crocodiles
  A big kobold (D:8)
  6 bullfrogs
  A wyvern zombie (D:8)
  A water moccasin zombie (D:4)
  2 scorpions
  5 wights (D:9)
  3 howler monkeys
  14 crimson imps
  2 bullfrog zombies
  2 jellies
  4 orc priests
  3 orc wizards
  2 hounds
  3 bullfrog skeletons
  2 centaur skeletons
  A gnoll shaman (D:9)
  Terence (D:2)
  4 iguanas
  24 worker ants
  A hound zombie (D:8)
  11 gnolls
  A howler monkey skeleton (D:8)
  A howler monkey zombie (D:9)
  12 adders
  A shadow imp (D:7)
  2 white imps (D:7)
  An ooze (D:6)
  2 adder skeletons (D:5)
  An adder zombie (D:7)
  3 worms
  3 dart slugs
  5 leopard geckos
  28 orcs
  8 giant cockroaches
  8 goblins
  16 hobgoblins
  9 jackals
  2 quokkas (D:3)
  2 ball pythons
  6 bats
  6 frilled lizards
  A jackal skeleton (D:4)
  11 kobolds
  9 rats
  A spectral orc (D:4)
386 creatures vanquished.

Vanquished Creatures (others)
  A steam dragon (Volcano)
  2 fungi
  30 plants (Volcano)
33 creatures vanquished.

Grand Total: 419 creatures vanquished

Notes
Turn   | Place    | Note
-------+----------+-------------------------------------------
     0 | D:1      | MisterFreud the Kobold Berserker began the quest for the
                  | Orb.
     0 | D:1      | Reached XP level 1. HP: 14/14 MP: 1/1
   468 | D:1      | Reached XP level 2. HP: 19/19 MP: 2/2
   719 | D:1      | Reached skill level 5 in Short Blades
  1175 | D:2      | Reached XP level 3. HP: 16/23 MP: 3/3
  1630 | D:2      | Reached ** piety under Trog
  1667 | D:2      | Reached XP level 4. HP: 22/28 MP: 4/4
  1896 | D:2      | Noticed Terence
  1909 | D:2      | Killed Terence
  1909 | D:2      | Reached XP level 5. HP: 32/32 MP: 5/5
  2820 | D:3      | Found a transporter.
  2820 | D:3      | Noticed Inarius's ghost (amateur DsFi)
  2832 | D:3      | Found a transporter.
  2918 | D:3      | Reached *** piety under Trog
  3220 | D:3      | Reached XP level 6. HP: 35/37 MP: 6/6
  3937 | D:4      | Noticed a phantom
  3981 | D:4      | Killed a phantom
  3981 | D:4      | Reached XP level 7. HP: 41/41 MP: 7/7
  4317 | D:4      | Reached skill level 10 in Short Blades
  4327 | D:4      | Found a sand-covered staircase.
  4567 | D:4      | Found a basalt altar of Yredelemnul.
  4669 | D:5      | Entered Level 5 of the Dungeon
  4756 | D:5      | Found Simpuj's Distillery.
  4758 | D:5      | Bought 2 potions of curing for 66 gold pieces
  4758 | D:5      | Bought a potion of heal wounds for 55 gold pieces
  4758 | D:5      | Bought a potion of haste for 110 gold pieces
  4759 | D:5      | Found Totiqix's Armour Boutique.
  4864 | D:5      | Found a hazy altar of Hepliaklqana.
  4908 | D:5      | Reached skill level 5 in Stealth
  4920 | D:5      | Reached XP level 8. HP: 33/46 MP: 8/8
  5152 | D:5      | Found Sataoruat's Food Emporium.
  5594 | D:6      | Noticed Sigmund
  5595 | D:6      | Killed Sigmund
  5623 | D:6      | Found a blossoming altar of Fedhas.
  5656 | D:6      | Found a staircase to the Ecumenical Temple.
  5842 | D:6      | Reached XP level 9. HP: 46/51 MP: 9/9
  5989 | D:6      | Found Adim's Assorted Antiques.
  6527 | D:7      | Reached skill level 5 in Dodging
  6663 | D:7      | Reached **** piety under Trog
  6667 | D:7      | Noticed a hippogriff
  6685 | D:7      | Killed a hippogriff
  7274 | D:7      | Reached XP level 10. HP: 56/56 MP: 10/10
  7449 | D:5      | Bought a +0 cloak of invisibility for 138 gold pieces
  7606 | D:8      | Noticed a two-headed ogre
  7613 | D:8      | Killed a two-headed ogre
  7680 | D:8      | Found a runed gate.
  7680 | D:8      | Found a runed gate.
  7680 | D:8      | Found a runed gate.
  7710 | D:8      | Reached skill level 5 in Evocations
  7864 | D:8      | Noticed namelastname112's ghost (novice DrAs)
  7866 | D:8      | Noticed Grum
  7905 | D:8      | Killed Grum
  8221 | D:8      | Found an ancient bone altar of Kikubaaqudgha.
  8224 | D:8      | Found a shadowy altar of Dithmenos.
  8227 | D:8      | Found an iron altar of Okawaru.
  8230 | D:8      | Found a bloodstained altar of Trog.
  8501 | D:9      | Noticed a kobold demonologist
  8502 | D:9      | Found a staircase to the Lair.
  8515 | D:9      | Noticed a sun demon
  8527 | D:9      | Killed a kobold demonologist
  8616 | D:9      | Reached XP level 11. HP: 60/60 MP: 16/18
  8761 | D:9      | Reached skill level 10 in Evocations
  8783 | D:9      | Found an ancient bone altar of Kikubaaqudgha.
  9119 | Lair:1   | Entered Level 1 of the Lair of Beasts
  9236 | Lair:1   | Reached skill level 5 in Fighting
  9736 | Lair:1   | Found a glowing silver altar of Zin.
 10055 | Lair:2   | Found a staircase to the Swamp.
 10175 | Lair:2   | Found a dark tunnel.
 10184 | Volcano  | Entered a volcano
 10357 | Volcano  | Noticed a two-headed ogre
 10357 | Volcano  | Noticed a two-headed ogre
 10370 | Volcano  | Killed a two-headed ogre
 10449 | Volcano  | Killed a two-headed ogre
 10449 | Volcano  | Reached XP level 12. HP: 38/70 MP: 21/21
 10778 | Volcano  | Noticed a two-headed ogre
 10784 | Volcano  | Killed a two-headed ogre
 10845 | Volcano  | Noticed a two-headed ogre
 10845 | Volcano  | Noticed a two-headed ogre
 10846 | Volcano  | Noticed a fire dragon
 10864 | Volcano  | Killed a two-headed ogre
 10864 | Volcano  | Reached skill level 10 in Dodging
 10868 | Volcano  | Gained mutation: Your body sometimes deteriorates upon
                  | taking damage. [mutagenic glow]
 10933 | Volcano  | Killed a two-headed ogre
 11012 | Volcano  | Killed a fire dragon
 11276 | Lair:2   | Reached XP level 13. HP: 61/74 MP: 20/23
 11496 | Lair:2   | Reached skill level 10 in Stealth
 11677 | Lair:2   | Found a runed gate.
 11678 | Lair:2   | Found a runed gate.
 11680 | Lair:2   | Found a runed gate.
 11680 | Lair:2   | Noticed a minotaur
 11686 | Lair:2   | Noticed Dapus's ghost (journeyman VSFi)
 11794 | Lair:2   | Killed Dapus's ghost
 11840 | Lair:2   | Killed a minotaur
 12144 | Lair:2   | Found a hole to the Spider Nest.
 12503 | Lair:3   | Noticed a five-headed hydra
 13101 | Lair:3   | Killed a five-headed hydra
 13640 | Lair:4   | Noticed Josephine
 13674 | Lair:4   | Killed from afar by Josephine

Vault maps used:
D:1:      dpeg_arrival_shelter, grunt_decor_mini_mirrors,
          minmay_stone_trees_small, minmay_pentomino_v4
D:2:      first_ration, uniq_terence
D:3:      gammafunk_ghost_stat_death
D:4:      yredelemnul_forgotten_temple_becter, nicolae_ossuary_entry_monument
D:5:      kennysheep_mini_moat, serial_shops, nicolae_shop_window_shopping,
          shop, shop_fountains, bh_chokoban
D:6:      minmay_temple_entry_mist, serial_shops,
          nicolae_shop_overgrown_old_shop, fedhas_altar_1, uniq_sigmund
D:7:      the_bakery, minmay_nine_imps
D:8:      grunt_temple_overflow_cloverleaf, gammafunk_ghost_split,
          minmay_misc_feat_tower, minmay_misc_feat_rows, uniq_grum
D:9:      david_lair_generic, basic_altar
Lair:1:   basic_altar, serial_forest, infiniplex_forest_straight_1,
          infiniplex_forest_end_double, infiniplex_forest_clump_double,
          infiniplex_forest_zigzag_1, infiniplex_forest_clump_small
Lair:2:   swamp_mist, dummy_spider_entry, nicolae_volcano_entry_hallway,
          maelrawn_ghost_labyrinth_escape, portal_ice_cave_entry_ice_beasts,
          minivault_29
Lair:3:   grunt_megastairs_4, lemuel_fruit_fields, lemuel_fruit_tree,
          infiniplex_staircase_pool
Lair:4:   uniq_josephine
Volcano:  pf_volcano_lost_world

Skill      XL: |  1  2  3  4  5  6  7  8  9 10 11 12 13 |
---------------+----------------------------------------+-----
Short Blades   | 5 6 7 8 9 10 12 13 14 | 14.1
Stealth        | 5 6 8 10 | 10.2
Dodging        | 3 7 8 12 13 | 13.9
Evocations     | 9 13 14 | 14.0
Fighting       | 6 9 |  9.4
Armour         | 2 |  2.0

Action                   |  1- 3 |  4- 6 |  7- 9 | 10-12 | 13-15 || total
-------------------------+-------+-------+-------+-------+-------++-------
Melee: Short sword       |   107 |   250 |   277 |       |    84 ||   718
       Rapier            |       |       |   177 |   554 |   296 ||  1027
Throw: Stone             |       |       |       |       |     1 ||     1
Invok: Berserk           |     1 |     6 |    10 |    15 |     4 ||    36
       Trog's Hand       |       |     2 |     6 |    15 |     9 ||    32
 Abil: Evoke Invisibilit |       |       |       |     6 |     6 ||    12
Evoke: Wand              |       |       |       |       |     1 ||     1
  Use: Scroll            |       |     7 |     6 |     9 |     4 ||    26
       Potion            |       |       |       |     2 |     5 ||     7
 Stab: Sleeping          |     2 |     6 |     7 |    17 |     1 ||    33
       Distracted        |       |       |     1 |     2 |     5 ||     8
       Invisible         |       |       |       |    25 |    17 ||    42
  Eat: Chunk             |    11 |    13 |    23 |    32 |    14 ||    93
Armor: Animal skin       |    13 |    28 |    46 |    57 |    21 ||   165
       Leather armour    |       |       |       |       |     9 ||     9
       Skin              |       |       |       |       |     3 ||     3
Dodge: Dodged            |    78 |   138 |   242 |   264 |   239 ||   961

Table legend:
 A = Non-vault XP
 B = Vault XP
 C = Vault XP percentage of total XP
 D = Non-vault monster count
 E = Vault monster count
 F = Vault count percentage of total count
                 A         B        C        D         E       F
            +---------+---------+-------+---------+---------+-------
      Total |   23677 |   21212 |  47.3 |     281 |     105 |  27.2
            +---------+---------+-------+---------+---------+-------
        D:1 |      24 |       4 |  14.3 |      13 |       3 |  18.8
        D:2 |     121 |      36 |  22.9 |      34 |       1 |   2.9
        D:3 |     200 |       0 |   0.0 |      33 |       0 |   0.0
        D:4 |     409 |       1 |   0.2 |      15 |       1 |   6.2
        D:5 |     718 |       0 |   0.0 |      29 |       0 |   0.0
        D:6 |     460 |     212 |  31.5 |      11 |       1 |   8.3
        D:7 |    1197 |     583 |  32.8 |      30 |      10 |  25.0
        D:8 |    1964 |     529 |  21.2 |      21 |       4 |  16.0
        D:9 |    1648 |     719 |  30.4 |      29 |       4 |  12.1
     Lair:1 |    2748 |       0 |   0.0 |      13 |       0 |   0.0
     Lair:2 |    6809 |    8706 |  56.1 |      26 |      52 |  66.7
     Lair:3 |    5965 |     468 |   7.3 |      23 |       1 |   4.2
     Lair:4 |    1414 |     446 |  24.0 |       4 |       2 |  33.3
    Volcano |       0 |    9508 | 100.0 |       0 |      26 | 100.0
            +---------+---------+-------+---------+---------+-------
